woodfighter, chaotic female orcish Cavewoman --- ----.---- |.......-- |........| -....<.-- --.)....| --.....-- - - |......-- ..-- |... -- -----.*.^........-- -.............(..G.G...........@G...........- - ------- -----------............- --.....?......| ......*.....- ---...h........ --.--.........| -- -........| -----.--- -- woodfighter the Cave Teen Experience level: 4 Strength: 18/05 Dexterity: 10 Constitution: 15 Intelligence: 9 Wisdom: 10 Charisma: 7 Health: 0(36) Energy: 18(18) Def: 2 Gold: 315 Moves: 1631 Dungeon seed: HHJnaq2hBcX2pbPz Game ID: woodfighter_1475233549 Your Inventory: Coins $ - 315 gold pieces Amulets x - an uncursed amulet of strangulation Weapons a - a +1 club (weapon in hand) b - a +2 sling (alternate weapon; not wielded) K - a +1 arrow Armor n - an uncursed +0 orcish helm q - an uncursed +0 leather armor (being worn) Comestibles t - an uncursed lembas wafer H - an uncursed sprig of wolfsbane Scrolls h - an uncursed scroll of identify j - 2 uncursed scrolls of scare monster k - an uncursed scroll of scare monster B - an uncursed scroll of earth F - an uncursed scroll of light J - a blessed scroll of identify Spellbooks z - an uncursed spellbook of dig G - an uncursed spellbook of cure blindness Potions g - a blessed potion of monster detection r - an uncursed potion of paralysis s - an uncursed potion of sickness u - a blessed potion of full healing D - an uncursed potion of monster detection E - an uncursed potion of confusion I - an uncursed potion of levitation Rings C - an uncursed ring of shock resistance Wands A - a wand of light (0:14) Tools y - an uncursed lock pick Gems e - 5 uncursed flints (in quiver) Spells and supernatural/magical abilities: Name Level Category Fail Memory W - pray for help -- divine ? -- Your skills at the end: Miscellaneous Skills bare handed combat [Basic] Weapon Skills scimitar [Basic] club [Basic] sling [Basic] Spellcasting Skills Final Attributes: You were piously aligned. You were poison resistant. You had infravision. You were very stealthy. You are dead. Vanquished creatures: a gnomish wizard a gas spore 2 geckos a fox a kobold 7 newts 2 goblins 2 sewer rats 3 grid bugs 6 lichens 26 creatures vanquished. Voluntary challenges: You did not adorn yourself with jewelry or accessories. You did not cause conflict. You were not invisible. You did not have reflection. You were not displaced. You were an atheist. You used a wielded weapon 28 times, starting on turn 15. You did not apply a unicorn horn. You did not use plumbed fixtures. You did not drink any magical draughts. You were illiterate. You never genocided any monsters. You never polymorphed an object. You never changed form. You used no wishes. You never split a pudding. You never wrote Elbereth's name. You never violated your personal moral code. Dungeon overview: The Dungeons of Doom: levels 1 to 5 Level 1 (locked + water) a long staircase Level 2 a hardware shop Level 3 a fountain Level 4 an armor shop, some fountains stairs to The Gnomish Mines Level 5 The Gnomish Mines: Level 5 <- You were here stairs to The Dungeons of Doom History has recorded: On T:1 you entered the Dungeons of Doom to retrieve the Amulet of Yendor! On T:107 you reached level 2 of The Dungeons of Doom. On T:564 you reached level 3 of The Dungeons of Doom. On T:590 you advanced to experience level 2. On T:825 you reached level 4 of The Dungeons of Doom. On T:1098 you advanced to experience level 3. On T:1262 you reached level 5 of The Dungeons of Doom. On T:1307 you reached level 1 of The Gnomish Mines. On T:1627 you advanced to experience level 4. Score breakdown: Gold: 315 ( 31 points) Experience: 4 levels ( 300 points) Exploration: 5 levels ( 120 points) Discoveries: 22 items ( 1100 points) Variety of kills: 10 monsters ( 500 points) Major goal: (nothing yet) ( 0 points) Survival: died (score multiplied by 3) Total score: 6153 Latest messages: The gnome lord wields a bow! Thump! Ouch! That hurts! The air crackles around the gnomish wizard. The gnome lord shoots 2 arrows! You are hit by the 1st arrow! You are almost hit by the 2nd arrow. K - an arrow. You hit the gnomish wizard! The gnomish wizard points all around, then curses. You kill the gnomish wizard! Welcome to experience level 4. An arrow shoots out at you! You are hit by an arrow. The gnome lord swings his bow at the cavewoman. The gnome lord hits! The gnome lord punches you! You hit the gnome lord! The gnome lord swings his bow at the cavewoman. The gnome lord hits! The gnome lord punches you! You hit the gnome lord! The gnome lord swings his bow at the cavewoman. The gnome lord hits! The gnome lord punches you! You die... Final status: Goodbye woodfighter the Cavewoman, killed by a gnome lord... You died in The Gnomish Mines on dungeon level 5 with 6153 points, and 315 pieces of gold, after 1631 moves. You were level 4 with a maximum of 36 hit points when you died.